 Dungeon Crawl Stone Soup version 0.31-a0-187-gba352fbbf7 (webtiles) character file.

Game seed: 15546937554772970203

72 qw the Shooter (level 4, 0/25 HPs)
             Began as a Deep Elf Hunter on June 22, 2023.
             Slain by an endoplasm (1 damage)
             ... on level 3 of the Dungeon.
             The game lasted 00:00:35 (1254 turns).

qw the Shooter (Deep Elf Hunter)                    Turns: 1254, Time: 00:00:35

Health: 0/25       AC:  5    Str: 10    XL:     4   Next: 7%
Magic:  6/6        EV: 11    Int: 14    God:
Gold:   177        SH:  0    Dex: 18    Spells: 3/3 levels left

rFire   . . .        Y - +0 shortbow
rCold   . . .        (shield currently unavailable)
rNeg    . . .        n - +0 ring mail
rPois   .            (no helmet)
rElec   .            (no cloak)
rCorr   .            (no gloves)
SInv    .            (no boots)
Will    .....        d - amulet of regeneration
Stlth   +            (no ring)
HPRegen 1.04/turn    (no ring)
MPRegen 0.10/turn

%: no passive effects
@: no status effects
A: no striking features
a: no special abilities


You were on level 3 of the Dungeon.
You visited 1 branch of the dungeon, and saw 3 of its levels.

You collected 177 gold pieces.


   Skills:
 - Level 1.5 Fighting
 + Level 7.5 Ranged Weapons
 - Level 2.4 Dodging
 - Level 1.2 Stealth


You had 3 spell levels left.
You didn't know any spells.
Your spell library was empty.

Inventory:

Hand Weapons
 Y - a +0 shortbow (weapon)
Armour
 n - a +0 ring mail (worn)
Jewellery
 d - an amulet of regeneration (around neck)
Potions
 b - a potion of invisibility {unknown}
 e - a potion of heal wounds {unknown}
 g - a potion of curing {unknown}
 h - a potion of haste {unknown}
 i - a potion of cancellation {unknown}
 j - a potion of attraction {unknown}
 k - a potion of enlightenment {unknown}
 l - a potion of degeneration {unknown}
 m - a potion of lignification {unknown}

Dungeon Overview and Level Annotations

Branches:
Dungeon (3/15)

Altars:

Annotations:
D:3 Robin


Message History

The endoplasm hits you but does no damage.
The goblin hits you but does no damage. The goblin misses you.
The hobgoblin barely misses you. The goblin closely misses you.
There is a stone staircase leading up here.
You shoot an arrow. The arrow hits the hobgoblin.
The hobgoblin is moderately wounded.
The hobgoblin barely misses you. The endoplasm misses you.
The hobgoblin barely misses you. The goblin misses you.
The goblin completely misses you. Robin throws the goblin at you!
The hobgoblin hits you but does no damage.
The goblin hits you but does no damage.
You shoot an arrow. The arrow closely misses the hobgoblin.
The ball python bites you but does no damage.
The ball python closely misses you.
The hobgoblin hits you but does no damage. x2
The endoplasm hits you but does no damage.
The goblin hits you with a +0 dagger. The hobgoblin closely misses you.
The goblin hits you with a +0 club. The goblin closely misses you.
The ball python closely misses you. x2; The hobgoblin barely misses you.
The endoplasm misses you. The hobgoblin closely misses you.
The hobgoblin hits you. The goblin hits you with a +0 dagger.
The goblin hits you but does no damage. The goblin hits you with a +0 club.
1252 ||| STAIRDANCE The ball python bites you.
The ball python grabs you.
You stop ascending the stairs.
The ball python constricts you. The endoplasm hits you.
The goblin barely misses you. x2
The hobgoblin hits you but does no damage.
The hobgoblin barely misses you. x2; The goblin hits you but does no damage.
You shoot an arrow. The arrow hits the ball python!
You kill the ball python!
The hobgoblin hits you. The endoplasm freezes you.
You are frozen.
The goblin hits you with a +0 dagger. The goblin hits you but does no damage.
Robin roars a battlecry!
The goblins go into a battle-frenzy!
The hobgoblin hits you. The goblin closely misses you.
1254 ||| STAIRDANCE The hobgoblin hits you.
The endoplasm hits you.
You die...

#.....##.....##
..............#
...............
...............
...............
.......r.......
......gJKg.....
......g@gg.....
......ggg.....#
#......#....!##
#####.# ######
#. #< . #


You could see Robin, an endoplasm, a quokka, 3 hobgoblins, 4 goblins and a
kobold.

Vanquished Creatures
  2 adders (D:2)
  A worm (D:2)
  A dart slug (D:1)
  8 bats
  4 endoplasms
  A giant cockroach (D:2)
  9 goblins
  4 hobgoblins (D:1)
  A quokka (D:2)
  4 ball pythons
  2 frilled lizards (D:2)
  5 kobolds
  4 rats
46 creatures vanquished.

Notes
Turn   | Place    | Note
-------+----------+-------------------------------------------
     0 | D:1      | qw the Deep Elf Hunter began the quest for the Orb.
     0 | D:1      | Reached XP level 1. HP: 12/12 MP: 3/3
     0 | D:1      | 0 ||| qw: Version: 0.3-a-9-g12657ce
     0 | D:1      | 0 ||| qw: Game counter: 2422
     0 | D:1      | 0 ||| qw: Always use a shield: true
     0 | D:1      | 0 ||| qw: God list: Okawaru
     0 | D:1      | 0 ||| qw: Allow faded altars: false
     0 | D:1      | 0 ||| qw: Do Orc after D:15 true
     0 | D:1      | 0 ||| qw: Do second Lair branch before Depths: true
     0 | D:1      | 0 ||| qw: Lair rune preference: random
     0 | D:1      | 0 ||| qw: Plans: Normal
     0 | D:1      | 0 ||| PLANNING D:1-11
    47 | D:1      | HP: 3/12 [kobold/+0 dagger (2)]
   163 | D:1      | Reached skill level 6 in Ranged Weapons
   163 | D:1      | Reached XP level 2. HP: 16/16 MP: 4/4
   550 | D:1      | 550 ||| READING scroll labelled HUIXKE IL KEEN.
   551 | D:1      | 551 ||| READING scroll labelled ZOZO GEAHO.
   555 | D:1      | 555 ||| READING scroll labelled DEMAAS ERYT.
   556 | D:1      | 556 ||| READING scroll labelled BAXARO DUM LAU.
   584 | D:1      | 584 ||| READING scroll labelled KOALET SUISHRO.
   585 | D:1      | 585 ||| DROPPING scroll of butterflies.
   608 | D:2      | Reached XP level 3. HP: 20/20 MP: 5/5
   826 | D:2      | Reached skill level 7 in Ranged Weapons
  1192 | D:2      | 1192 ||| UPGRADING to +0 ring mail.
  1202 | D:2      | 1202 ||| DROPPING +0 leather armour.
  1203 | D:2      | 1203 ||| UPGRADING to amulet of regeneration.
  1208 | D:2      | 1208 ||| READING scroll labelled GATULIXYIH.
  1209 | D:2      | 1209 ||| READING scroll labelled DEOBAR ZEWK.
  1216 | D:3      | Noticed Robin
  1219 | D:3      | 1219 ||| STAIRDANCE
  1224 | D:2      | HP: 3/20 [goblin/+0 dagger[Robin] (4)]
  1227 | D:2      | Reached XP level 4. HP: 6/25 MP: 6/6
  1252 | D:3      | 1252 ||| STAIRDANCE
  1253 | D:3      | HP: 3/25 [hobgoblin[Robin] (6)]
  1254 | D:3      | 1254 ||| STAIRDANCE
  1254 | D:3      | HP: 1/25 [hobgoblin[Robin] (3)]
  1254 | D:3      | Slain by an endoplasm

Levels and vault maps discovered:
D:1:      dpeg_arrival_houses_and_road, layout_rooms
D:2:      layout_loops_ring
D:3:      layout_rooms, lemuel_tele_altar, lemuel_doored_altar,
          nicolae_qazlal_eye_of_the_storm, uniq_robin, uniq_pargi, uniq_ijyb,
          uniq_jessica

Skill      XL: |  1  2  3 |
---------------+----------+-----
Ranged Weapons | 6 7 |  7.5
Fighting       | |  1.5
Dodging        | |  2.4
Stealth        | |  1.2

Action                     |  1- 3 |  4- 6 || total
---------------------------+-------+-------++-------
   Fire: Shortbow          |   124 |     8 ||   132
    Use: Scroll            |     7 |       ||     7
 Armour: Leather armour    |    18 |       ||    18
         Ring mail         |    14 |    14 ||    28
  Dodge: Dodged            |    47 |    27 ||    74

Table legend:
 A = Non-vault XP
 B = Vault XP
 C = Vault XP percentage of total XP
 D = Non-vault monster count
 E = Vault monster count
 F = Vault count percentage of total count
                 A         B        C        D         E       F
            +---------+---------+-------+---------+---------+-------
      Total |      96 |       8 |   7.7 |      42 |       4 |   8.7
            +---------+---------+-------+---------+---------+-------
        D:1 |      39 |       0 |   0.0 |      23 |       0 |   0.0
        D:2 |      56 |       8 |  12.5 |      18 |       4 |  18.2
        D:3 |       1 |       0 |   0.0 |       1 |       0 |   0.0
            +---------+---------+-------+---------+---------+-------
